 Dungeon Crawl Stone Soup version 0.31-a0-321-g19405a7a6a (webtiles) character file.

Game seed: 171988392228175412

109 lunkers the Insei (level 5, -1/41 HPs)
             Began as a Meteoran Shapeshifter on July 17, 2023.
             Slain by a ball python (4 damage)
             ... on level 4 of the Dungeon.
             The game lasted 00:02:58 (1167 turns).

lunkers the Insei (Meteoran Shapeshifter)           Turns: 1167, Time: 00:02:58

Health: -1/41      AC:  2    Str: 16    XL:     5   Next: 37%
Magic:  6/6        EV: 10    Int: 15    God:
Gold:   103        SH:  5    Dex: 17    Spells: 4/4 levels left

rFire   . .          .
                       - Unarmed
rCold   . . .        g - orb {mayhem}
rNeg    . . .        a - +0 animal skin
rPois   .            (helmet currently unavailable)
rElec   .            (cloak currently unavailable)
rCorr   +            (gloves currently unavailable)
SInv    .            (boots currently unavailable)
Will    .....        e - amulet of reflection
Stlth   +            k - ring of resist corrosion
HPRegen 0.26/turn    m - +6 ring of intelligence
MPRegen 0.10/turn

%: mayhem, reflection
@: beast-form, glowing, constricted
A: beast (slay +2), sense surroundings 1, otherworldly, glowing, explore regen
a: Begin Untransformation


You were on level 4 of the Dungeon.
You were a hulking beast.
You visited 1 branch of the dungeon, and saw 4 of its levels.

You collected 103 gold pieces.

Inventory:

Armour
 a - a +0 animal skin (worn)
 g - an orb of mayhem (worn)
 l - a +1 pair of gloves
 n - a +0 kite shield
Jewellery
 e - an amulet of reflection (around neck)
 k - a ring of resist corrosion (left hand)
 m - a +6 ring of intelligence (right hand)
Talismans
 c - a beast talisman
Scrolls
 h - a scroll of immolation
 j - a scroll of vulnerability
Potions
 b - a potion of lignification
 d - 4 potions of attraction
 f - a potion of brilliance
 i - 2 potions of curing {unknown}
 o - a potion of berserk rage {unknown}


   Skills:
 - Level 2.1 Fighting
 - Level 2.4 Dodging
 + Level 5.9 Unarmed Combat
 - Level 3.6 Shapeshifting


You had 4 spell levels left.
You didn't know any spells.
Your spell library was empty.

Dungeon Overview and Level Annotations

Branches:
Dungeon (4/15) Zot: 1248
 Temple: D:4-7

Altars:

Shops:
D:1 ?


Innate Abilities, Weirdness & Mutations

You are a hulking beast.
Your limbs bulge with bestial killing power. (Slay +2)
You passively map a small area around you.
You are easily found by Zot.
You glow in the dark.
You regain HP and MP as you explore.


Message History

The sleepcap is heavily damaged.
The sleepcap barely misses you.
You hit the sleepcap but do no damage.
The sleepcap is heavily damaged.
The sleepcap releases spores at you!
* * * LOW HITPOINT WARNING * * *
The ball python bites you.
* * * LOW HITPOINT WARNING * * *
You block the ball python's attack.
You hit the sleepcap.
The sleepcap is heavily damaged.
The sleepcap misses you. You block the ball python's attack.
The ball python grabs you. The ball python constricts you.
Unknown command.
Unknown command.
You hit the sleepcap.
The sleepcap is severely damaged.
The sleepcap closely misses you. The ball python barely misses you.
The ball python constricts you.
* * * LOW HITPOINT WARNING * * *
You hit the sleepcap.
The sleepcap is severely damaged.
The sleepcap misses you. The ball python barely misses you.
The ball python constricts you.
Unknown command.
You hit the sleepcap.
The sleepcap is almost destroyed.
The ball python bites you but does no damage.
The ball python constricts you. The sleepcap barely misses you.
Unknown command.
You hit the sleepcap but do no damage.
The sleepcap is almost destroyed.
You block the ball python's attack. The ball python constricts you.
The sleepcap releases spores at you.
* * * LOW HITPOINT WARNING * * *
Unknown command.
You hit the sleepcap.
You destroy the sleepcap!
The ball python flies into a frenzy!
The ball python bites you.
You die...

*..#####.......########.####.
...........................[
...####'#######'#####...###.
*#.†...###.....###..##... , *
##.....###.....##.###... *
##.....###.....#.....#. ,
##.....###...†#..####. ,
##.....###..)'..# #. ,
###h### ##..#.## #. *,
#..S..# *##.#.# , ,#..)..#,
###.# , +.$.(.+ #.# * **
#..?..#,,, #.# , , , #.....#
, , #.# ** * ,* ###+### ,
,#.. * , ,, ,


You could see a neutral ball python (fast, strong, insane).

Vanquished Creatures
  A sleepcap (D:4)
  An orc wizard (D:3)
  2 adders
  2 worms (D:3)
  A dart slug (D:3)
  5 orcs (D:3)
  4 ball pythons
  3 endoplasms
  A giant cockroach (D:1)
  5 goblins
  7 hobgoblins
  2 quokkas (D:1)
  3 bats
  2 frilled lizards (D:2)
  6 kobolds (D:1)
  5 rats (D:1)
50 creatures vanquished.

Vanquished Creatures (collateral kills)
  2 orcs (D:3)
2 creatures vanquished.

Grand Total: 52 creatures vanquished

Notes
Turn   | Place    | Note
-------+----------+-------------------------------------------
     0 | D:1      | lunkers the Meteoran Shapeshifter began the quest for the
                  | Orb.
     0 | D:1      | Reached XP level 1. HP: 17/17 MP: 2/2
    67 | D:1      | Reached skill level 3 in Unarmed Combat
    67 | D:1      | Reached XP level 2. HP: 14/24 MP: 3/3
   337 | D:1      | Reached XP level 3. HP: 20/29 MP: 4/4
   348 | D:1      | Reached skill level 4 in Unarmed Combat
   389 | D:1      | Found Aguaceir's Magic Scroll Shop.
   498 | D:2      | Found a faded altar of an unknown god.
   758 | D:3      | Reached XP level 4. HP: 31/36 MP: 5/5
   865 | D:3      | Reached skill level 5 in Unarmed Combat
   973 | D:3      | Reached XP level 5. HP: 40/41 MP: 6/6
  1167 | D:4      | Slain by a ball python

Illustrated notes

Levels and vault maps discovered:
D:1:      sevenhm_arrival_forest_fort_large_4, layout_loops_ring, serial_shops,
          shop, minmay_pentomino_r4
D:2:      cheibrodos_fertilizer, layout_basic,
          dilly_ecumenical_altar_fadedgnrine, nicolae_kite_square_tiling_tiny
D:3:      layout_rooms
D:4:      layout_rooms, minmay_temple_entry_slanted, minmay_quadrilaterals,
          uniq_pikel, uniq_ijyb, uniq_menkaure

Skill      XL: |  1  2  3  4 |
---------------+-------------+-----
Unarmed Combat | 3 4 5 |  5.9
Fighting       | |  2.1
Dodging        | |  2.4
Shapeshifting  | |  3.6

Action                     |  1- 3 |  4- 6 || total
---------------------------+-------+-------++-------
  Melee: Unarmed           |    72 |    85 ||   157
         Punch             |     1 |     2 ||     3
    Use: Scroll            |       |     7 ||     7
   Stab: Sleeping          |     1 |       ||     1
 Armour: Animal skin       |     9 |    10 ||    19
  Dodge: Dodged            |    33 |    46 ||    79
  Block: Orb               |       |    12 ||    12
         Reflection        |       |     1 ||     1

Table legend: (Time is in decaauts)
 A = Elapsed time spent in this place.
 B = Non-inter-level travel time spent in this place.
 C = Inter-level travel time spent in this place.
 D = Time resting spent in this place.
 E = Time spent auto-exploring this place.
 F = Levels seen in this place.
 G = Mean time per level.
                   A        B        C        D        E       F      G
               +--------+--------+--------+--------+--------+-----+--------+
         Total |   1150 |   1102 |     48 |      0 |    676 |   4 |  287.5 |
       Dungeon |   1150 |   1102 |     48 |      0 |    676 |   4 |  287.5 |
               +--------+--------+--------+--------+--------+-----+--------+

Top non-repeatable levels by time:
     D:1: 421 daAuts
     D:2: 323 daAuts
     D:3: 306 daAuts
     D:4: 98 daAuts
